 Dungeon Crawl Stone Soup version 0.30.0 (webtiles) character file.

Game seed: 9940934718217239682

846 Dani the Cleaver (level 7, -2/52 HPs)
             Began as a Demonspawn Fighter on May 20, 2023.
             Slain by an orc priest
             ... wielding a +0 trident
              (6 damage)
             ... on level 4 of the Dungeon.
             The game lasted 00:05:21 (3419 turns).

Dani the Cleaver (Demonspawn Fighter)               Turns: 3419, Time: 00:05:21

Health: -2/52      AC:  9    Str: 16    XL:     7   Next: 68%
Magic:  7/7        EV:  8    Int: 12    God:
Gold:   128        SH:  9    Dex: 12    Spells: 6/6 levels left

rFire   . . .        a - +1 war axe
rCold   . . .        c - +0 buckler
rNeg    . . .        b - +0 scale mail
rPois   .            (no helmet)
rElec   .            h - +1 cloak
rCorr   .            v - +0 pair of gloves
SInv    .            (no boots)
Will    .....        p - amulet of reflection Stlth
                     (no ring)
HPRegen 0.28/turn    (no ring)
MPRegen 0.20/turn

%: reflection
@: brilliant
A: claws 1, magic regeneration, demonic magic 1
a: no special abilities


You were on level 4 of the Dungeon.
You visited 1 branch of the dungeon, and saw 4 of its levels.

You collected 128 gold pieces.

Inventory:

Hand Weapons
 a - a +1 war axe (weapon)
Missiles
 u - 4 poisoned darts (quivered)
Armour
 b - a +0 scale mail (worn)
 c - a +0 buckler (worn)
 h - a +1 cloak (worn)
   (You found it on level 1 of the Dungeon)
 v - a +0 pair of gloves (worn)
   (You found it on level 3 of the Dungeon)
Jewellery
 e - a ring of fire
   (You found it on level 1 of the Dungeon)
 p - an amulet of reflection (around neck)
   (You took it off a kobold on level 2 of the Dungeon)
 w - a +6 ring of intelligence
   (You found it on level 3 of the Dungeon)
 y - a +6 ring of intelligence
   (You found it on level 4 of the Dungeon)
Wands
 x - a wand of mindburst (9)
   (You found it on level 3 of the Dungeon)
Scrolls
 j - 2 scrolls of immolation
 m - 3 scrolls of enchant armour
 o - 2 scrolls of noise
Potions
 d - a potion of might
 f - a potion of ambrosia
 g - 2 potions of attraction
 i - a potion of lignification
 k - a potion of flight
 l - 3 potions of resistance
 n - a potion of magic
 q - 2 potions of mutation {unknown}
 r - 2 potions of brilliance
 s - a potion of cancellation {unknown}
 t - a potion of invisibility {unknown}
 z - 2 potions of haste {unknown}
 A - 2 potions of curing {unknown}


   Skills:
 - Level 3.0 Fighting
 + Level 8.2 Axes
 - Level 2.6 Armour
 - Level 2.6 Shields


You had 6 spell levels left.
You didn't know any spells.
Your spell library contained the following spells:

 Spells                   Type           Power      Damage    Failure   Level
 Sublimation of Blood     Necr           0%         N/A       93%         2
 Wereblood                Tmut           0%         N/A       93%         2
 Summon Hydra             Summ           0%         N/A       100%        7


Dungeon Overview and Level Annotations

Branches:
Dungeon (4/15)
 Temple: D:4-7

Altars:
Fedhas
Xom

Annotations:
D:2 1 runed translucent door


Innate Abilities, Weirdness & Mutations

You have sharp fingernails.
You regenerate magic rapidly.
Spells you cast may paralyse adjacent enemies.


Message History

Beogh smites you!
You hit the orc priest but do no damage.
The orc priest is almost dead.
The orc priest barely misses you.
You slash the orc priest!
You kill the orc priest!
Your Axes skill increases to level 8!
No target in view!
No target in view!
No target in view!
No target in view!
HP restored.
The orc wizard shouts!
You hear a shout!
An orc wizard is nearby!
An orc wizard is nearby!
An orc wizard is nearby!
An orc wizard is nearby!
An orc priest comes into view. It is wielding a +0 trident.
The orc wizard completely misses you.
You completely miss the orc wizard. You block the orc wizard's attack.
You slash the orc wizard!
The orc wizard is severely wounded.
You barely miss the orc wizard.
The orc wizard is severely wounded.
You block the orc wizard's attack.
The orc priest looks satisfied for a moment.
You hit the orc wizard but do no damage.
The orc wizard is severely wounded.
The orc wizard hits you but does no damage.
The orc priest barely misses you.
You closely miss the orc wizard.
The orc wizard is severely wounded.
The orc shouts!
The orc wizard hits you but does no damage.
The orc priest closely misses you.
You hit the orc wizard but do no damage.
The orc wizard is severely wounded.
The orc wizard hits you but does no damage.
The orc priest closely misses you.
You hit the orc wizard.
The orc wizard is severely wounded.
The orc wizard hits you but does no damage.
The orc priest barely misses you.
The orc priest hits you from afar with a +0 trident.
The orc wizard hits you with a +0 dagger.
You hit the orc wizard.
The orc wizard is almost dead.
You barely miss the orc.
The orc wizard points at you and mumbles some strange words.
The magic dart hits you. You block the orc priest's attack.
The orc hits you but does no damage.
You slash the orc wizard!
You kill the orc wizard!
You closely miss the orc. You slash the orc wizard!
The orc wizard hits you with a +0 dagger.
The orc priest calls upon Beogh to heal the orc wizard.
The orc wizard is healed somewhat.
The orc hits you but does no damage.
You closely miss the orc wizard.
The orc wizard is lightly wounded.
You hit the orc.
The orc priest mumbles some strange prayers to Beogh against you.
Beogh smites you!
* * * LOW HITPOINT WARNING * * *
You block the orc's attack.
You barely miss the orc.
The orc is heavily wounded.
You hit the orc wizard. The orc wizard casts a spell at you.
The puff of flame hits you.
* * * LOW HITPOINT WARNING * * *
You block the orc priest's attack. The orc completely misses you.
You slash the orc wizard!
You kill the orc wizard!
You barely miss the orc.
The orc priest mumbles some strange prayers to Beogh against you.
Beogh smites you!
* * * LOW HITPOINT WARNING * * *
The orc completely misses you.
You are too injured to fight recklessly!
You are too injured to fight recklessly!
You are too injured to fight recklessly!
The orc priest miscasts a cantrip.
The orc closely misses you.
You hit the orc priest.
The orc priest is moderately wounded.
You barely miss the orc.
The orc priest calls down the wrath of Beogh upon you.
Beogh smites you!
* * * LOW HITPOINT WARNING * * *
The orc hits you but does no damage. You block the orc priest's attack.
You block the orc's attack.
You hit the orc priest but do no damage.
The orc priest is moderately wounded.
You hit the orc.
You kill the orc!
The orc priest hits you but does no damage.
It was a potion of brilliance.
You feel clever all of a sudden.
The orc priest hits you with a +0 trident.
You die...

#..........<...)......#
#.............##........
#........<....# ........
####..........# ........
# #..........# #.......
####..#.#####.###.......
......#.# ##.#.......
###.....####..#.#o.#
#..#.........)@..###.
#..#.#.#.###..).......
#..#...#)###..........
###...#.................
....#.........$.........
...........###..........
...!.......# #.#..######
...........# #.##.#
...........# ..# .#


You could see an orc priest.

Vanquished Creatures
  Pikel (D:4)
  A phantom (D:4)
  A hound (D:4)
  An orc priest (D:4)
  2 orc wizards (D:4)
  4 gnolls (D:2)
  10 adders
  7 orcs
  5 bats
  4 endoplasms
  4 giant cockroaches
  7 goblins
  A hobgoblin (D:2)
  4 jackals (D:1)
  2 kobolds
  6 quokkas
  7 ball pythons
  4 frilled lizards
  A rat (D:2)
72 creatures vanquished.

Vanquished Creatures (others)
  17 plants (D:2)
17 creatures vanquished.

Grand Total: 89 creatures vanquished

Notes
Turn   | Place    | Note
-------+----------+-------------------------------------------
     0 | D:1      | Dani the Demonspawn Fighter began the quest for the Orb.
     0 | D:1      | Reached XP level 1. HP: 18/18 MP: 1/1
    57 | D:1      | Reached skill level 2 in Axes
   200 | D:1      | Gained mutation: You regenerate magic rapidly. [demonic
                  | ancestry]
   200 | D:1      | Reached XP level 2. HP: 23/24 MP: 2/2
   518 | D:1      | Reached skill level 3 in Axes
   812 | D:2      | Discovered your monstrous ancestry.
   812 | D:2      | Gained mutation: You have sharp fingernails. [demonic
                  | ancestry]
   812 | D:2      | Reached XP level 3. HP: 21/29 MP: 3/3
   943 | D:2      | HP: 5/29 [gnoll/+0 halberd (6)]
   943 | D:2      | HP: 1/29 [gnoll/+0 halberd (4)]
  1283 | D:2      | Reached skill level 4 in Axes
  1283 | D:2      | Gained mutation: Spells you cast may paralyse adjacent
                  | enemies. [demonic ancestry]
  1283 | D:2      | Reached XP level 4. HP: 26/35 MP: 4/4
  1472 | D:2      | Found a shimmering altar of Xom.
  1942 | D:2      | Found a runed translucent door.
  2076 | D:3      | Reached XP level 5. HP: 41/41 MP: 5/5
  2221 | D:3      | Found a blossoming altar of Fedhas.
  2361 | D:3      | Reached skill level 5 in Axes
  3006 | D:4      | Noticed Pikel
  3006 | D:4      | Noticed a lemure
  3006 | D:4      | Noticed a lemure
  3006 | D:4      | Noticed a lemure
  3007 | D:4      | Noticed a lemure
  3011 | D:4      | Killed Pikel
  3012 | D:4      | Reached skill level 7 in Axes
  3012 | D:4      | Reached XP level 6. HP: 47/47 MP: 6/6
  3012 | D:4      | Reached XP level 7. HP: 52/52 MP: 7/7
  3096 | D:4      | HP: 9/52 [orc priest/divine providence (13)]
  3353 | D:4      | Reached skill level 8 in Axes
  3417 | D:4      | HP: 3/52 [orc priest/divine providence (12)]
  3419 | D:4      | Slain by an orc priest

Illustrated notes

Levels and vault maps discovered:
D:1:      ncdulo_smallfort, layout_basic
D:2:      layout_loops_cross, basic_altar, serial_bayou_lagoon_a,
          minmay_pentomino_w2, uniq_crazy_yiuf_cottage
D:3:      layout_loops_ring, mainiacjoe_overflow_concentric_impassable,
          minmay_snake_closets
D:4:      layout_rooms, nemelex_spade_bored_becter, grunt_temple_overflow_open,
          corexii_shack, uniq_pikel

Skill      XL: |  1  2  3  4  5  6  7 |
---------------+----------------------+-----
Axes           | 2 3 4 7 8 |  8.2
Fighting       | |  3.0
Armour         | |  2.6
Shields        | |  2.6

Action                     |  1- 3 |  4- 6 |  7- 9 || total
---------------------------+-------+-------+-------++-------
  Melee: War axe           |    67 |   132 |    49 ||   248
  Evoke: Wand              |       |     5 |       ||     5
    Use: Scroll            |     3 |    11 |     1 ||    15
         Potion            |       |       |     1 ||     1
 Armour: Scale mail        |    43 |    48 |    23 ||   114
  Dodge: Dodged            |    31 |    55 |    16 ||   102
  Block: Buckler           |    12 |    64 |    16 ||    92

Levels and vault maps discovered:
D:1:      ncdulo_smallfort, layout_basic
D:2:      layout_loops_cross, basic_altar, serial_bayou_lagoon_a,
          minmay_pentomino_w2, uniq_crazy_yiuf_cottage
D:3:      layout_loops_ring, mainiacjoe_overflow_concentric_impassable,
          minmay_snake_closets
D:4:      layout_rooms, nemelex_spade_bored_becter, grunt_temple_overflow_open,
          corexii_shack, uniq_pikel

Table legend: (Time is in decaauts)
 A = Elapsed time spent in this place.
 B = Non-inter-level travel time spent in this place.
 C = Inter-level travel time spent in this place.
 D = Time resting spent in this place.
 E = Time spent auto-exploring this place.
 F = Levels seen in this place.
 G = Mean time per level.
                   A        B        C        D        E       F      G
               +--------+--------+--------+--------+--------+-----+--------+
         Total |   3511 |   3362 |    149 |    103 |   2566 |   4 |  877.8 |
       Dungeon |   3511 |   3362 |    149 |    103 |   2566 |   4 |  877.8 |
               +--------+--------+--------+--------+--------+-----+--------+

Top non-repeatable levels by time:
     D:1: 1153 daAuts
     D:3: 944 daAuts
     D:2: 864 daAuts
     D:4: 548 daAuts

Table legend:
 A = Kills in this place as a percentage of kills in the entire game.
 B = Kills by you in this place as a percentage of kills by you in the entire game.
 C = Kills by friends in this place as a percentage of kills by friends in the entire game.
 D = Other kills in this place as a percentage of other kills in the entire game.
 E = Experience gained in this place as a percentage of experience gained in the entire game.
 F = Experience gained in this place divided by the number of levels of this place that you have seen.
                   A       B       C       D       E      F
               +-------+-------+-------+-------+-------+----------------------
         Total | 100.0 | 100.0 |   N/A |   N/A | 100.0 | 302.2
       Dungeon | 100.0 | 100.0 |   N/A |   N/A | 100.0 | 302.2
               +-------+-------+-------+-------+-------+----------------------
